Cogmind - Beta 16 @@@ ROGUE MODE // 2025.10.26 @ 20:19:00 Player: KeKe Result: Destroyed by P-70 Sage with Tesla Rifle Performance ------------- Evolutions (5) 2500 Regions Visited (4) 800 Robots Destroyed (80) 400 Value Destroyed (2413) 2413 Prototype IDs (20) 400 Alien Tech Used (0) 0 Bonus (106) 106 TOTAL SCORE: 6619 Bonus ------- Follower Combat Kills 106 Cogmind --------- Core Integrity 0/1000 Matter 257/300 Energy 100/100 System Corruption 19% Temperature Cool (0) Movement Flying (35) Location -5/Factory Parts ------- > --- POWER (1) -------- (None) > --- PROPULSION (2) --- Flying VTOL Exoskeleton > --- UTILITY (12) ----- Scrap Engine Machine Analyzer > --- WEAPON (2) ------- (None) > --- INVENTORY (5) ---- Advanced Heat Sink Peak State ------------ > --- POWER ------------ Meta Core Momentum-Ion Engine > --- PROPULSION ------- Flying VTOL Exoskeleton > --- UTILITY ---------- Armored Scrap Engine Advanced Heat Sink Machine Analyzer Makeshift Light Armor Plating Advanced Shield Generator > --- WEAPON ----------- Powered Cannon Gauss Cannon > --- INVENTORY -------- Advanced Heat Sink Ripper [Rating: 86] Favorites ----------- Power Ion Engine Engine Ion Engine Power Core Meta Core Propulsion Subdweller Monowheel Leg Improved Carbon-fiber Leg Wheel Subdweller Monowheel Flight Unit Constructs Utility High-capacity Storage Unit Device Structural Scanner Storage High-capacity Storage Unit Processor Machine Analyzer Protection Makeshift Light Armor Plating Weapon Battle Cannon Energy Gun Constructs Energy Cannon Powered Cannon Ballistic Gun Barrage Gun Ballistic Cannon Battle Cannon Launcher Tesla Bomb Launcher Special Weapon Mining Laser Slashing Weapon Makeshift Sword Build | -11 -10 -10 -7 -5 ------- Run | Yrd Mat Sub Rec Fac Slots Evolved 10 | . . . . 10 Power . | . . . . . Propulsion . | . . . . . Utility 10 | . . . . 10 Weapon . | . . . . . Parts Attached 43 | 3 3 17 9 11 Power 4 | . . 2 1 1 Engine 3 | . . 2 1 . Core 1 | . . . . 1 Reactor . | . . . . . Propulsion 9 | 2 . 4 3 . Treads . | . . . . . Leg 2 | . . . 2 . Wheel 7 | 2 . 4 1 . Hover . | . . . . . Flight . | . . . . . Utility 14 | 1 1 4 2 6 Device 8 | 1 . 2 1 4 Storage 1 | . 1 . . . Processor 2 | . . . . 2 Hackware . | . . . . . Protection 3 | . . 2 1 . Artifact . | . . . . . Weapon 16 | . 2 7 3 4 Energy Gun . | . . . . . Energy Cannon 1 | . . . . 1 Ballistic Gun 5 | . 2 1 1 1 Ballistic Cannon 4 | . . 3 1 . Launcher 3 | . . 1 . 2 Special Weapon 1 | . . 1 . . Impact Weapon . | . . . . . Slashing Weapon 2 | . . 1 1 . Piercing Weapon . | . . . . . Special Melee Weapon . | . . . . . Unidentified Prototypes 3 | . . 1 1 1 Parts Lost 28 | . . 8 2 18 Power 4 | . . 2 . 2 Propulsion 6 | . . 3 . 3 Utility 8 | . . 1 . 7 Weapon 10 | . . 2 2 6 Highest Loss Streak 12 | . . 2 2 12 To Critical Strikes 1 | . . . . 1 Average Backups 12 | 2 7 15 9 1 Power . | 1 1 . . . Propulsion . | 1 1 . . . Utility 4 | . 3 5 3 . Weapon 7 | . 1 8 4 1 Tool/Special . | . . . . . Unused Backups 12 | . 1 2 8 1 Power 1 | . . . 1 . Propulsion . | . . . . . Utility 5 | . 1 . 3 1 Weapon 6 | . . 2 4 . Tool/Special . | . . . . . Average Slot Usage (%) 82 | . 89 88 78 45 Engine 12 | . 14 13 14 . Leg 1 | . . . 6 3 Wheel 14 | . 27 17 8 . Device 12 | . 14 13 7 16 Storage 11 | . 14 14 6 . Protection 1 | . . . 6 3 Ballistic Gun 3 | . 18 2 3 3 Ballistic Cannon 15 | . . 19 11 1 Slashing Weapon 5 | . . 4 12 . Peak Build Rating 86 | 6 8 20 43 86 Average Rating 22 | 5 6 15 29 69 On Entrance 16 | 6 6 8 18 43 Avg Prop Armor Cover (%) 5 | . . 4 6 . Naked Turns . | . . . . . Heaviest Build 60 | 10 47 55 60 38 Greatest Support 35 | 26 26 30 35 32 Greatest Overweight (x) 18 | . 2 18 17 2 Average Overweight (x) 4 | . . 7 2 . Largest Inventory Capacity 20 | 8 20 20 20 5 Average Capacity 17 | 8 19 20 11 5 Most Carried 20 | 6 10 20 20 5 Average Carried 14 | 2 7 17 10 1 Final Capacity 20 | 8 20 20 5 5 Final Carried 19 | 5 10 19 5 1 Scrap Engine Consumption 124 | . . . 53 71 Constructs Created 7 | . . . 1 6 Constructs Modified 14 | . . . 6 8 Class Distribution -------------------- 91% | Mutant 7% | Construct Dominant Class ---------------- Mutant | -10/Materials Mutant | -10/Subcaves Mutant | -7/Recycling Mutant | -5/Factory Resources | -11 -10 -10 -7 -5 ----------- Run | Yrd Mat Sub Rec Fac Matter Collected 1892 | 240 62 672 267 651 Remotely . | . . . . . Salvage Created 3589 | 66 187 376 500 2460 Parts 190 | 6 19 29 20 116 Haulers Intercepted 2 | . 1 . . 1 Recyclers Shooed 9 | 1 . . 2 6 Parts Field Recycled . | . . . . . Retrieved Matter . | . . . . . Parts Self-Destructed 8 | . . 8 . . Prevented . | . . . . . Parts Restored . | . . . . . Kills | -11 -10 -10 -7 -5 ------- Run | Yrd Mat Sub Rec Fac Combat Hostiles Destroyed 52 | . 5 18 3 26 Guns 21 | . 5 3 1 12 Cannons 22 | . . 11 2 9 AOE 6 | . . 4 . 2 Classes Destroyed 14 | 2 3 2 3 4 Worker 4 | . . . . 4 Builder 9 | . . . 2 7 Tunneler 1 | 1 . . . . Hauler 2 | . 1 . . 1 Recycler 11 | 1 . . 4 6 Mechanic 1 | . . . . 1 Swarmer 12 | . 3 5 . 4 Grunt 17 | . 2 . . 15 Sentry 3 | . . 1 1 1 Hunter 3 | . . . . 3 Programmer 3 | . . . . 3 Subdweller 12 | . . 12 . . Scientist 2 | . . . 2 . Scrapper 2 | . . . 2 . Best Kill Streak 8 | 2 2 3 3 8 Combat Bots Only 5 | . 2 3 2 5 Max Kills in Single Turn 2 | 1 1 2 1 2 Gunslinging . | . . . . . Exploded 1 | . . 1 . 1 Melee . | . . . . . Uniques/NPCs Destroyed . | . . . . . Combat | -11 -10 -10 -7 -5 -------- Run | Yrd Mat Sub Rec Fac Hostile Shots Fired 451 | . 24 94 6 327 Missed 150 | . 11 40 2 97 Hits 301 | . 13 54 4 230 Projectile 301 | . 13 54 4 230 AOE 1 | . . . . 1 Critical Strikes 15 | . . . . 15 Part Disruptions 1 | . . . . 1 Damage Taken 5063 | . 114 969 146 3834 Core 1203 | . 33 156 . 1014 Absorbed by Shields 369 | . . . . 369 Regen/Repaired (Parts) 424 | . 109 . 55 260 Core Remaining (%) 62 | 100 . . 24 . Volleys Fired 241 | 10 27 62 13 129 Largest 2 | 1 2 2 2 2 Hottest 115 | 20 40 100 66 115 Shots Fired 399 | 10 35 108 22 224 Gun 196 | 10 35 39 3 109 Cannon 178 | . . 50 19 109 Launcher 11 | . . 5 . 6 Special 14 | . . 14 . . Kinetic 286 | 10 35 89 22 130 Thermal 93 | . . 14 . 79 Explosive 5 | . . 5 . . Electromagnetic 15 | . . . . 15 Robot Hit Streak 43 | 4 6 43 7 20 Robot Miss Streak 6 | 1 2 2 2 6 Penetration Max 1 | . . . . 1 Secondary Targets 1 | . 1 . . . Max Gunslinging Chain 1 | . 1 . . . Shots Hit Robots 261 | 7 22 71 27 134 Core Hits 131 | 4 9 25 13 80 Critical Kills 7 | . . . . 7 Critical Parts Destroyed 1 | . . . . 1 Critical Strikes 9 | . . . . 9 Meltdown 3 | . . . . 3 Destroy 5 | . . . . 5 Blast 1 | . . . . 1 Melee Attacks 30 | . . 17 12 1 Impact . | . . . . . Slashing 30 | . . 17 12 1 Piercing . | . . . . . Sneak Attacks 10 | . . . 10 . Combat Hostiles . | . . . . . Follow-up Attacks . | . . . . . Damage Inflicted 8300 | 52 201 1520 1125 5402 Guns 3132 | 52 201 444 44 2391 Cannons 3275 | . . 821 278 2176 Explosions 1050 | . . 255 . 795 Melee 843 | . . . 803 40 Ramming . | . . . . . Kinetic 4760 | 52 201 1265 322 2920 Thermal 1420 | . . . . 1420 Explosive 255 | . . 255 . . Electromagnetic 1022 | . . . . 1022 Impact . | . . . . . Slashing 843 | . . . 803 40 Piercing . | . . . . . Highest Corruption 19 | . . . . 19 Average Corruption 6 | . . . . 6 Corruption Purged . | . . . . . Corruption Blocked . | . . . . . Effects 13 | . . . . 13 Message Errors 4 | . . . . 4 Matter Fused 2 | . . . . 2 Heat Flow Errors 1 | . . . . 1 Energy Discharges 2 | . . . . 2 Data Loss (minor) 2 | . . . . 2 Data Loss (major) 1 | . . . . 1 Weapon Failures 1 | . . . . 1 Overload Shots . | . . . . . Overflow Damage 299 | . . 9 228 62 Projectiles 59 | . . . . 59 Explosions 12 | . . 9 . 3 Melee 228 | . . . 228 . Knockbacks 19 | . . 8 5 6 Impact . | . . . . . Kinetic 19 | . . 8 5 6 Secondary . | . . . . . Self-Inflicted Damage 54 | . . 34 . 20 Shots 3 | . . 2 . 1 Rammed . | . . . . . Targets Rammed . | . . . . . Kicked . | . . . . . Crushed . | . . . . . Highest Temperature 276 | . 6 5 276 219 Average Temperature 75 | . 6 5 123 28 Received Heat Transfer 886 | . 24 105 72 685 Effects 3 | . . . 3 . Energy Bleed 1 | . . . 1 . Interference 2 | . . . 2 . Siege Activations . | . . . . . Martial Activations . | . . . . . Shielding Activations . | . . . . . Robots Disrupted 1 | . . . . 1 Combat Hostiles . | . . . . . Robots Corrupted . | . . . . . Combat Hostiles . | . . . . . Parts Fried 1 | . . . . 1 Impact Corruptions . | . . . . . Robots Melted 3 | . . . . 3 Combat Hostiles 3 | . . . . 3 Parts Melted 6 | . . . 1 5 Heat Transferred 1517 | . . . . 1517 Parts Sabotaged . | . . . . . Parts Stolen . | . . . . . Parts Stripped . | . . . . . Power Chain Reactions . | . . . . . Alert | -11 -10 -10 -7 -5 ------- Run | Yrd Mat Sub Rec Fac Maximum Alert Level 1 | . . . . 1 Low Security (%) 85 | 100 100 . 100 52 Level 1 14 | . . . . 47 Level 2 . | . . . . . Level 3 . | . . . . . Level 4 . | . . . . . Level 5 . | . . . . . High Security . | . . . . . Max Security . | . . . . . Peak Influence 393 | 10 50 . 65 393 Initial 65 | . . . 65 . Average 57 | . 10 . 3 177 Influence Increases 1379 | 10 164 225 94 886 Destroy 0b10 Robot/C 780 | . 100 120 40 520 Destroy 0b10 Robot/NC 140 | 10 5 . 30 95 Destroy Leader 104 | . 12 . . 92 Allied During Kill 5 | . . . 5 . Successful Hack 5 | . 2 . 3 . Select Force Hacks 30 | . 30 . . . Disable Machine 75 | . . . 15 60 Destroy Structure 75 | . . . 1 74 Lose Combat Pursuer 165 | . 15 105 . 45 Influence Decreases 1065 | 10 149 103 231 572 Entered New Map 80 | . . 8 72 . Time Decay 763 | 10 149 75 137 392 Lost Part 200 | . . 20 . 180 Lost Ally 22 | . . . 22 . Squads Dispatched 7 | . 1 . . 6 Investigation 1 | . 1 . . . Extermination 2 | . . . . 2 Reinforcement 4 | . . . . 4 Assault . | . . . . . Garrison . | . . . . . Intercept . | . . . . . Searches Triggered . | . . . . . Construction Impeded 1 | . . . . 1 Haulers Reinforced 2 | . . . . 2 Active Scanning Responses . | . . . . . Cargo Convoy Interrupts 1 | . . . . 1 Stealth | -11 -10 -10 -7 -5 --------- Run | Yrd Mat Sub Rec Fac Distress Signals 7 | . 2 . 1 4 Communications Jammed . | . . . . . Distress Signals . | . . . . . Times Spotted 89 | . 10 25 4 50 Peak Tracking Total 12 | . 4 3 3 12 Tactical Retreats 7 | . 1 3 . 3 Traps | -11 -10 -10 -7 -5 ------- Run | Yrd Mat Sub Rec Fac Traps Triggered 2 | . 1 1 . . Indirectly . | . . . . . Trap Hack Attempts . | . . . . . Triggered . | . . . . . Disarmed . | . . . . . Reprogrammed . | . . . . . Reused . | . . . . . Traps Extracted . | . . . . . Installed . | . . . . . Triggered . | . . . . . Most Traps Carried 1 | . . 1 1 . Machines | -11 -10 -10 -7 -5 ---------- Run | Yrd Mat Sub Rec Fac Machines Disabled 9 | . . 3 2 4 Max in Single Turn 2 | . . 1 2 1 Machines Repaired . | . . . . . Machines Dismantled . | . . . . . Machines Sabotaged . | . . . . . Overloaded Fab Kills . | . . . . . Hacking | -11 -10 -10 -7 -5 --------- Run | Yrd Mat Sub Rec Fac Machines Accessed 16 | . 6 2 8 . Terminals 4 | . 3 . 1 . Fabricators . | . . . . . Repair Stations 1 | . 1 . . . Recycling Units 8 | . 2 . 6 . Scanalyzers . | . . . . . Garrison Access . | . . . . . Total Hacks 33 | . 13 5 15 . Successful 26 | . 10 5 11 . Failed 7 | . 3 . 4 . Catastrophic . | . . . . . Database Lockouts . | . . . . . Manual 11 | . 8 . 3 . Terminals 7 | . 6 . 1 . Fabricators . | . . . . . Repair Stations 5 | . 5 . . . Recycling Units 14 | . 2 . 12 . Scanalyzers . | . . . . . Garrison Access . | . . . . . Terminal Hacks 8 | . 1 5 2 . Record 4 | . . 4 . . Robot Analysis 1 | . 1 . . . Proto ID Catalog 1 | . . 1 . . Release Object 2 | . . . 2 . Fabricator Hacks . | . . . . . Repair Station Hacks 4 | . 4 . . . Scan Component 2 | . 2 . . . Repair 2 | . 2 . . . Recycling Unit Hacks 7 | . . . 7 . Report Inventory 5 | . . . 5 . Retrieve Components 2 | . . . 2 . Scanalyzer . | . . . . . Garrison Access Hacks . | . . . . . Unauthorized Hacks 7 | . 5 . 2 . Terminals 3 | . 3 . . . Botnet 3 | . 3 . . . Fabricators . | . . . . . Repair Stations . | . . . . . Recycling Units 4 | . 2 . 2 . Reject 1 | . . . 1 . Recyclers 2 | . 1 . 1 . Tunnel 1 | . 1 . . . Scanalyzers . | . . . . . Garrison Access . | . . . . . Data Cores Recovered . | . . . . . Used . | . . . . . Hacking Detections 6 | . 4 . 2 . Full Trace Events . | . . . . . Feedback Events . | . . . . . Feedback Blocked . | . . . . . Robot Schematics Acquired . | . . . . . Robots Built . | . . . . . Authchips . | . . . . . Time . | . . . . . Total Robot Build Rating . | . . . . . Part Schematics Acquired . | . . . . . Parts Built . | . . . . . Authchips . | . . . . . Time . | . . . . . Total Part Build Rating . | . . . . . Part Studies Acquired . | . . . . . Parts Repaired 2 | . 2 . . . Time 52 | . 52 . . . Parts Recycled . | . . . . . Recycled Matter . | . . . . . Retrieved Matter . | . . . . . Retrieved Components 7 | . . . 7 . Parts Scanalyzed . | . . . . . Part Schematics Acquired . | . . . . . Parts Damaged . | . . . . . Bothacking | -11 -10 -10 -7 -5 ------------ Run | Yrd Mat Sub Rec Fac Used RIF Installer . | . . . . . Robots Hacked . | . . . . . Non-combat . | . . . . . Combat . | . . . . . Robot Hacks Applied . | . . . . . Relay Couplers Released . | . . . . . Fabnet Peak Effective % . | . . . . . Robots Rewired . | . . . . . Allies Hacked . | . . . . . Hacks Repelled . | . . . . . Allies | -11 -10 -10 -7 -5 -------- Run | Yrd Mat Sub Rec Fac Total Allies 4 | . . 4 . . Largest Group 4 | . . 4 4 . Highest-Rated Group 77 | . . 77 77 . Highest-Rated Ally 20 | . . 20 20 . Total Orders . | . . . . . Ally Attacks 30 | . . 3 27 . Total Damage 476 | . . 61 415 . Kills 3 | . . 1 2 . Allies Corrupted . | . . . . . Allies Melted . | . . . . . Intel | -11 -10 -10 -7 -5 ------- Run | Yrd Mat Sub Rec Fac Active Infowar (turns) 5243 | 20 568 3638 . 1017 Structural 3377 | . . 3377 . . Seismic 849 | 20 568 261 . . Machine Analysis 1017 | . . . . 1017 Robot Analysis Total 1 | . 1 . . . Derelict Logs Recovered 1 | . . 1 . . Drone Launches . | . . . . . Drone Recoveries . | . . . . . Exploration | -11 -10 -10 -7 -5 ------------- Run | Yrd Mat Sub Rec Fac Turns Passed 10597 | 51 568 7239 1718 1021 Spaces Moved 3454 | 25 348 1765 867 449 Core 698 | . . 608 65 25 Treads . | . . . . . Legs 704 | . . . 418 286 Wheels 2001 | 25 348 1157 384 87 Hover . | . . . . . Flight 51 | . . . . 51 Fastest Speed 35 | 90 90 105 77 35 Average Speed 266 | 90 104 379 181 122 Slowest Speed 950 | 90 130 950 900 177 Overloaded Moves . | . . . . . Propulsion Burnouts . | . . . . . Robots Hopped . | . . . . . Potential Cave-ins . | . . . . . Cave-ins Triggered . | . . . . . Exploration Rate (%) 51 | 3 50 94 99 13 Regions Visited 4 Branch Regions 2 Pre-discovered Areas 1 | . 1 . . . Known Exits Taken . | . . . . . Unknown Exits Taken 4 | 1 1 1 1 . Scrap Searched 10 | . . 10 . . Spaces Dug 11 | . . 2 . 9 Terrain Destroyed 60 | . . 27 . 33 Melee 2 | . . 2 . . Projectile 34 | . . 1 . 33 AOE 24 | . . 24 . . Terrain Rammed . | . . . . . Walls Destroyed . | . . . . . Machines Disabled . | . . . . . Actions | -11 -10 -10 -7 -5 --------- Run | Yrd Mat Sub Rec Fac Total 4395 | 47 521 2148 980 699 Wait 532 | . 134 245 55 98 Move 3450 | 24 347 1764 866 449 Hop . | . . . . . Pick Up 41 | 4 6 20 8 3 Fast Attach 19 | 1 4 2 5 7 Attach 22 | 2 . 10 4 6 Detach 3 | . 1 1 1 . Swap 23 | . 1 19 2 1 Drop 34 | 6 1 8 14 5 Fire 241 | 10 27 62 13 129 Melee 30 | . . 17 12 1 Ram . | . . . . . Kick . | . . . . . Crush . | . . . . . Escape Stasis . | . . . . . Rewire . | . . . . . Trap . | . . . . . Miscellaneous . | . . . . . Route ------- -11/Scrapyard -10/Materials (discovered 3 exits: [*Mat] / [*Min] / *Sub) -10/Subcaves (discovered 3 exits: [*Mat x2] / *Rec) -7/Recycling -5/Factory History --------- Turn | Location | Event 25 | -11/Scrapyard | Discovered new exit (range 3) 52 | -11/Scrapyard | Entered Materials 272 | -10/Materials | Discovered new exit (range 16) 317 | -10/Materials | Build established: Mutant 453 | -10/Materials | Discovered new exit (range 8) 527 | -10/Materials | Repaired Assault Rifle 555 | -10/Materials | Repaired Grenade Launcher 614 | -10/Materials | Discovered new exit (range 7) 620 | -10/Materials | Entered Subcaves 621 | -10/Subcaves | Approached by a straggling Scientist 748 | -10/Subcaves | Visited 4L-MR0's lab 760 | -10/Subcaves | Found Powered Cannon 820 | -10/Subcaves | Discovered new exit (range 7) 1251 | -10/Subcaves | Shifting Twisted Machinery released Sub. Machine Gun 1252 | -10/Subcaves | Shifting Twisted Machinery released Sub. Beam Cannon 1256 | -10/Subcaves | Shifting Twisted Machinery released Battle Rifle 1320 | -10/Subcaves | Shifting Twisted Machinery released Battle Cannon 1408 | -10/Subcaves | Learned Materials stockpile data 1802 | -10/Subcaves | Discovered new exit (range 12) 1874 | -10/Subcaves | Visited Clippyterm 1878 | -10/Subcaves | Learned Factory stockpile data 2011 | -10/Subcaves | Shifting Twisted Machinery released Spk. Treads 2012 | -10/Subcaves | Shifting Twisted Machinery released Sub. Machine Gun 2278 | -10/Subcaves | Core integrity fell below 50% 4283 | -10/Subcaves | Discovered new exit (range 13) 4642 | -10/Subcaves | Visited triangular shrine 4695 | -10/Subcaves | Found Prototype Device 4696 | -10/Subcaves | Identified V3-11A's Pendant 4701 | -10/Subcaves | Befriended Subdweller 6960 | -10/Subcaves | A Subdweller sparked back to life 6960 | -10/Subcaves | A Subdweller sparked back to life 6960 | -10/Subcaves | A Subdweller sparked back to life 6961 | -10/Subcaves | Befriended Subdweller 6961 | -10/Subcaves | Befriended Subdweller 6961 | -10/Subcaves | Befriended Subdweller 7859 | -10/Subcaves | Entered Recycling 7859 | -7/Recycling | Accompanied by 4 allies 7860 | -7/Recycling | Met a Zionite searching for Scraptown 8507 | -7/Recycling | Discovered new exit (range 5) 8610 | -7/Recycling | Scanned before Scraplab entrance 8631 | -7/Recycling | Entered Scraplab 8640 | -7/Recycling | Angered Scraplab inhabitants 8641 | -7/Recycling | Found Prototype Device 8661 | -7/Recycling | Identified Scrap Engine 8690 | -7/Recycling | Found Meta Core 9045 | -7/Recycling | Build established: Construct 9577 | -7/Recycling | Entered Factory 9577 | -5/Factory | Evolved 10 slots: Utility x10 9579 | -5/Factory | Attached Meta Core, gained temporary slots: Propulsion, Utility, Weapon 9581 | -5/Factory | Attached Powered Cannon, gained temporary slot: Power 10077 | -5/Factory | Build established: Mutant 10081 | -5/Factory | Found Prototype Launcher 10081 | -5/Factory | Identified Tesla Bomb Launcher 10389 | -5/Factory | Lost 3 parts (3u) 10393 | -5/Factory | Found Tesla Bomb Launcher 10475 | -5/Factory | Cargo convoy interrupted 10484 | -5/Factory | System corruption reached 10% 10530 | -5/Factory | Core integrity fell below 50% 10553 | -5/Factory | Spotted B-75 Beast 10555 | -5/Factory | Core integrity fell below 20% 10585 | -5/Factory | Lost 12 parts (2p2n3u5w) 10598 | -5/Factory | Destroyed by P-70 Sage with Tesla Rifle Last Messages --------------- 10555_ Nuclear Reactor explodes. 10555_ K-01 Serf destroyed. 10555_ Nuclear Reactor explodes. 10557_ K-01 Serf collects debris. 10559_ Nuclear Reactor explodes. 10561_ Scrap Engine constructs Flying VTOL Exoskeleton. 10563_ >> Machine Analyzer network decryption results: 10563_ Terminal x1 10566_ >> Machine Analyzer network decryption results: 10566_ Fabricator x3 10570_ System corrupted: Substantial component data lost. 10573_ Scrap Engine consumes Prototype Power Core. 10574_ ALERT: Suspicious intruders detected, dispatching Cutter reinforcements to area. 10574_ Slug penetrates Wall. 10576_ >> Machine Analyzer network decryption results: 10576_ Scanalyzer x1 10580_ ALERT: Potential suspicious activity detected, Programmers report to Factory Zone 2A. 10587_ WQTMLOO4Y:BVFMF#YQC7ZVQITXO Map ----- +----------------------------------------------------+ | ?????????????????????????????????????????????????? | | ???????????????????????????????????????!?????????? | | ????????=????????????????????????????????????????? | | ?????????????????????????????????????????????????? | | ?????????????????????????????????????????????????? | | ?????????????????????????????????????????????????? | | ?????????????????????????????????????????????????? | | ####?###???#?????????????????????????????????????? | | + """"" ??????????????????????????????????????? | | # "" F" ??????????????????????????????????????? | | # "" "" """??????????????????????????????????? | | # """??????????????????????????????????? | | # ? """ ????????????????????????????????? | | # ?? #???????????????????????????????? | | # """ """ """ #???????????????????????????????? | | # """ """ """ #???????????????????????????????? | | """ """ """ #???????????????????????????????? | | #???????????????????????????????? | | """ """ """ #???????????????????????????????? | | """ """ """ #???????????????????????????????? | | """ """ """ #???????????????????????????????? | | ]#???????????????????????????????? | | #??????########?????????????????? | | # #??????# ! #?????????????????? | | ######### ##?##### #?????????????????? | | ????????# ### #@ #?????????????????? | | ????????+ " p^ #?????????????????? | | ?????!??# ### # #?????????????????? | | ????????# ######+#####+## #?????????????????? | | ????????# #???# #########?????????????????? | | ???????? ???# #?????????????????????????? | | ??????? ???# """" #?????????????????????????? | | ??????? ???# """" #?????????????????????????? | | ?????? ???# """" #?????????????????????????? | | ?????## ???# """" #?????????????????????????? | | ???????####???# """" #?????????????????????????? | | ?"""??????????# """" #?????????????????????????? | | ?"""??????????# ? #?????????????????????????? | | ?"""??????????####??####?????????????????????????? | | ?????????????????????????????????????????????????? | | ?"""?????????????????????????????????????????????? | | ?"""?????????????????????????????????????????????? | | ?"""?????????????????????????????????????????????? | | ?????????????????????????????????????????????????? | | ??""?????????????????????????????????????????????? | | ?S""?????????????????????????????????????????????? | | ?""??????????????????????????????????????????????? | | ?????????????????????????????????????????????????? | | ?????????????????????????????????????????????????? | | ?????????????????????????????????????????????????? | +----------------------------------------------------+ Best States ------------- Heat Dissipation 59 Energy Generation 26 Energy Capacity 290 Matter Stores 300 Matter Capacity 300 Sight Range 16 Terrain Scan Density 10 Armor Coverage 200 Resistance: TH 20 Evasion (%) 63 Targeting Accuracy 5 Kinecelleration 30 Item Schematics ----------------- None Robot Schematics ------------------ None Fabricated ------------ Nothing Repaired ---------- Assault Rifle | 29% | -10/Materials Grenade Launcher | 36% | -10/Materials Studied --------- None Alien Tech Used ----------------- None Achievements -------------- None Challenges ------------ None Game ------ Seed OmegaAntisysJammer Manual? 0 Play Time 01:02:10 Cumulative 133.6 hours Start 2025.10.26 @ 18:59:59 End 2025.10.26 @ 20:19:00 Sessions 1 Manual Loads 0 Difficulty Rogue Special Mode None Game No. 136 Rogue 136 Adventurer 0 Explorer 0 Win Type - Total 1 Types 1/0/0/0/0/0/0/0/0/0 Lore% 65 Gallery% 52 Achievement% 36 Wizard Run 0 Options --------- Layout 0 ASCII 0 Keyboard 0 Movement Mouse Keybinds 0 Fullscreen 2 Font 18/X11 Map View 76x50 Zoom Use 3% Tactical HUD 1 Map Filters NONE Filters NONE Steam 1 RUN: 4dc9a90d-6150-40d7-bb30-2f4a0a3a460a